Map: Neon Violet Square LE

Players

HAPPYFUNBALL

  • Race: Terran Terran
  • League: Platinum
  • Spawn Location: 5:00

card - Winner!

  • Race: Zerg Zerg
  • League: Diamond
  • Spawn Location: 11:00

VOD

Have the link to the VOD?

Description

Time

  • Played on: Dec. 9, 2017, 5:15 a.m.
  • Length: 11:50
Show
View Real Time Build Order
Export as new Build Order

HAPPYFUNBALL Terran 

Build Orders:  

Get SALT Encoding   

  12  0:01  SCV  
  13  0:16  Supply Depot  
  13  0:18  SCV  
  14  0:27  Refinery  
  14  0:30  SCV  
  15  0:41  Barracks  
  15  0:46  SCV  
  16  0:58  SCV  
  17  1:10  SCV  
  18  1:22  SCV  
  19  1:29  Marine  
  20  1:34  Orbital Command  
  20  1:42  Command Center  
  20  1:47  Barracks Reactor  
  20  1:57  Supply Depot  
  20  2:01  SCV  
  21  2:12  Barracks  
  21  2:13  SCV  
  22  2:25  Barracks  
  20  2:44  Bunker  
  20  2:55  Marine x2  
  20  2:58  Command Center  
  22  3:06  Refinery, SCV  
  22  3:09  Supply Depot  
  23  3:18  SCV  
  23  3:19  Barracks Tech Lab  
  17  3:30  Marine x2, SCV  
  15  4:14  Marine  
  16  4:18  SCV  
  17  4:28  SCV  
  17  4:29  Marine  
  17  4:30  SCV  
  20  4:39  Factory, Marine  
  21  4:53  SCV  
  21  4:56  SCV  
  23  5:02  Engineering Bay  
  23  5:05  Marine  
  24  5:13  Marine  
  25  5:16  Marine x2  
  27  5:25  SCV  
  27  5:27  Marine  
  30  5:28  SCV  
  30  5:29  Factory Tech Lab  
  28  6:07  SCV x2  
  30  6:14  Siege Tank  
  33  6:19  Missile Turret, SCV  
  34  6:32  Marine, SCV  
  36  6:37  Marine x2  
  38  6:44  Marine, SCV  
  40  6:49  Marine  
  40  6:52  Stimpack  
  41  6:56  SCV  
  42  7:02  Marine  
  42  7:04  SCV  
  42  7:07  Marine  
  42  7:08  SCV  
  46  7:20  Orbital Command  
  46  7:29  Supply Depot  
  46  7:31  Marine x2, SCV  
  46  7:33  Marine  
  50  7:42  Terran Infantry Weapons Level 1, Barracks Reactor  
  50  7:43  SCV  
  51  7:49  Marine x2  
  53  7:51  Marine  
  53  7:53  Supply Depot  
  53  7:56  SCV  
  55  8:03  SCV  
  56  8:07  Marine x2  
  56  8:09  Marine  
  56  8:10  SCV  
  60  8:15  SCV  
  60  8:18  Supply Depot, Marine  
  62  8:21  Marine  
  62  8:22  SCV  
  62  8:25  Marine x2  
  66  8:27  SCV  
  67  8:37  Marine x2  
  67  8:39  Marine  
  68  8:42  Marine x2  
  65  9:20  Marine x3  
  62  9:26  SCV  
  62  9:27  SCV  
  60  9:34  Marine  
  61  9:39  Marine, SCV x2  
  61  9:40  Marine  
  65  9:51  SCV x2  
  67  9:53  Missile Turret  
  67  9:57  Missile Turret  
  67  9:59  Marine x2  
  69  10:00  Missile Turret, Marine  
  69  10:02  Marine x2  
  69  10:03  SCV x2  
  69  10:04  Missile Turret  
  68  10:08  Factory Tech Lab  
  68  10:15  SCV x2  
  70  10:29  Starport  
  70  10:36  Missile Turret, Marine, SCV  
  70  10:37  Missile Turret, SCV  
  70  10:42  Marine  
  68  10:43  Marine  
  68  10:48  SCV  
  70  10:59  Supply Depot  
  70  11:00  Supply Depot  
  70  11:12  Marine x5, SCV x2  
  77  11:24  SCV x2  
  75  11:30  Marine  
  63  11:36  SCV x2  
Show
View Real Time Build Order
Export as new Build Order

card Zerg - Winner!

Build Orders: Pool First, Muta Ling Bane 

Get SALT Encoding   

  12  0:04  Drone  
  13  0:21  Extractor  
  13  0:25  Spawning Pool  
  11  0:28  Drone  
  11  0:33  Drone  
  13  0:42  Overlord  
  13  1:21  Zergling x6  
  13  1:22  Queen  
  13  1:25  Metabolic Boost  
  18  1:33  Zergling x2  
  19  1:44  Zergling x2  
  20  2:00  Drone  
  21  2:10  Drone  
  21  2:11  Evolution Chamber  
  20  2:34  Drone  
  21  2:44  Hatchery  
  21  2:46  Drone  
  19  3:52  Zergling x6  
  19  3:54  Overlord  
  19  3:55  Overlord  
  20  4:05  Queen  
  20  4:07  Drone x3  
  25  4:10  Zerg Melee Weapons Level 1  
  25  4:13  Drone  
  25  4:14  Drone  
  25  4:16  Extractor  
  26  4:18  Drone  
  27  4:25  Drone  
  27  4:28  Drone  
  29  4:32  Hatchery  
  28  4:39  Drone x5  
  33  4:51  Drone x2  
  35  4:57  Queen  
  37  5:12  Drone x6  
  43  5:16  Lair  
  42  6:03  Drone x9  
  49  6:11  Drone, Extractor  
  49  6:12  Overlord x2  
  49  6:13  Overlord x3, Extractor  
  48  6:28  Drone, Spire  
  48  6:29  Drone  
  48  6:31  Drone  
  50  6:39  Drone x3  
  53  6:40  Drone x4  
  53  6:41  Drone  
  53  6:43  Drone x3  
  61  6:59  Zerg Ground Armor Level 1  
  61  7:03  Evolution Chamber  
  61  7:05  Baneling Nest  
  61  7:07  Extractor  
  58  7:08  Drone x4  
  58  7:09  Extractor  
  58  7:12  Drone x4  
  58  7:15  Overlord x3  
  65  7:26  Drone x3  
  68  7:40  Zerg Melee Weapons Level 2  
  68  7:47  Mutalisk x5  
  68  7:48  Mutalisk x3  
  84  7:57  Spine Crawler  
  84  7:58  Spine Crawler  
  82  8:01  Spine Crawler  
  81  8:09  Queen  
  81  8:11  Zerg Flyer Weapons Level 1  
  81  8:12  Centrifical Hooks  
  83  8:14  Hatchery, Overlord x2  
  83  8:16  Drone x2  
  83  8:17  Drone x4  
  83  8:18  Drone  
  89  8:23  Queen  
  91  8:29  Overseer  
  91  8:48  Mutalisk x7  
  103  9:40  Zergling x2  
  103  9:41  Zergling x26  
  114  10:24  Baneling x3  
  114  10:25  Baneling x4  
  114  10:26  Baneling x14  
  114  10:28  Zergling x26  
  125  10:52  Queen  
  125  10:53  Extractor  
  125  10:54  Extractor  
  125  11:01  Drone x3  
Tags
 
Add a new tag
Caveats
  • Supply blocks, unpowered buildings, or Contaminate may cause inaccurate times.
  • Supply counts are checked every 10 seconds.